TOP OF THE 1ST |
Jupiter Hammerheads batting - Pitching for Brevard County Manatees : LHP Meiver Koeppel
|
Pitching: LHP Meiver Koeppel
|
|
Batting: RHB Terry Stone
|
0-0: Called Strike 0-1: Ball 1-1: Fly out, F5 (Popup, 15S, EV 81.3 MPH)
|
Batting: RHB Chris Back
|
0-0: Ball 1-0: Ball 2-0: Called Strike 2-1: Called Strike 2-2: Fly out, F7 (Flyball, 7D, EV 93.8 MPH)
|
Batting: RHB Jose Pacheco
|
0-0: Foul Ball, location: 5F 0-1: Foul Ball, location: 5F 0-2: Ball 1-2: Fly out, F5 (Line Drive, 5, EV 72.5 MPH)
|
Top of the 1st over - 0 runs, 0 hits, 0 errors, 0 left on base; Jupiter 0 - Brevard County 0 |
BOTTOM OF THE 1ST |
Brevard County Manatees batting - Pitching for Jupiter Hammerheads : LHP Blake Vance
|
Pitching: LHP Blake Vance
|
|
Batting: LHB Ben Landrum
|
0-0: Ball 1-0: Ball 2-0: SOLO HOME RUN (Flyball, 78XD, EV 101.9 MPH), Distance : 389 ft
|
Batting: LHB Rodolfo Rosas
|
0-0: Ball 1-0: Ball 2-0: Swinging Strike 2-1: DOUBLE (Groundball, 3L, EV 101.9 MPH)
|
Batting: RHB Toby Gerbino
|
0-0: Called Strike 0-1: Fly out, F9 (Line Drive, 9S, EV 93.1 MPH)
|
Batting: LHB Anders McLean
|
0-0: Ball 1-0: DOUBLE (Line Drive, 5D, EV 95.6 MPH) Rodolfo Rosas scores
|
Batting: RHB Zach Ryan
|
0-0: DOUBLE (Line Drive, 89D, EV 110.6 MPH) Anders McLean scores
|
Batting: SHB Jesse Denger
|
0-0: Ball 1-0: Called Strike 1-1: Called Strike 1-2: Ball 2-2: Ball 3-2: Fly out, F5 (Popup, 56, EV 80.6 MPH)
|
Batting: RHB Jesse Shaw
|
0-0: Ball 1-0: Swinging Strike 1-1: Ground out 4-3 (Groundball, 4, EV 87.5 MPH)
|
Bottom of the 1st over - 3 runs, 4 hits, 0 errors, 1 left on base; Jupiter 0 - Brevard County 3 |
TOP OF THE 2ND |
Jupiter Hammerheads batting - Pitching for Brevard County Manatees : LHP Meiver Koeppel
|
Batting: RHB Justin Cox
|
0-0: Foul Ball, location: 2F 0-1: Foul Ball, location: 2RF 0-2: Ball 1-2: Strikes out swinging
|
Batting: RHB Young-jin Kang
|
0-0: Ball 1-0: Called Strike 1-1: Called Strike 1-2: Ball 2-2: Ground out 3-1 (Groundball, 34, EV 98.8 MPH)
|
Batting: RHB Travis Brandolino
|
0-0: Ball 1-0: Ball 2-0: Ball 3-0: Base on Balls
|
Batting: SHB Luke Baker
|
0-0: Ball 1-0: Called Strike 1-1: DOUBLE (Line Drive, 7LS, EV 110.0 MPH) Travis Brandolino to third
|
Batting: RHB Carlos Mejia
|
0-0: Ball 1-0: Called Strike 1-1: Fly out, F9 (Line Drive, 9D, EV 94.4 MPH)
|
Top of the 2nd over - 0 runs, 1 hit, 0 errors, 2 left on base; Jupiter 0 - Brevard County 3 |
BOTTOM OF THE 2ND |
Brevard County Manatees batting - Pitching for Jupiter Hammerheads : LHP Blake Vance
|
Batting: RHB Scott Rohrabaugh
|
0-0: Called Strike 0-1: Swinging Strike 0-2: Fly out, F2 (Popup, 3SF, EV 83.8 MPH)
|
Batting: RHB Nick Sheets
|
0-0: Foul Ball, location: 9LMF 0-1: Fly out, F4 (Line Drive, 34D, EV 66.9 MPH)
|
Batting: LHB Ben Landrum
|
0-0: Called Strike 0-1: Swinging Strike 0-2: Ball 1-2: Strikes out swinging, 2-3 out at first.
|
Bottom of the 2nd over - 0 runs, 0 hits, 0 errors, 0 left on base; Jupiter 0 - Brevard County 3 |
TOP OF THE 3RD |
Jupiter Hammerheads batting - Pitching for Brevard County Manatees : LHP Meiver Koeppel
|
Batting: LHB Nate Lacy
|
0-0: Called Strike 0-1: Swinging Strike 0-2: Ball 1-2: Foul Ball, location: 2F 1-2: Strikes out looking
|
Batting: RHB Terry Stone
|
0-0: Ball 1-0: Swinging Strike 1-1: Foul Ball, location: 2F 1-2: Ball 2-2: Strikes out swinging
|
Batting: RHB Chris Back
|
0-0: Ball 1-0: Foul Ball, location: 2F 1-1: Foul Ball, location: 2F 1-2: Ground out 6-3 (Groundball, 6, EV 86.3 MPH)
|
Top of the 3rd over - 0 runs, 0 hits, 0 errors, 0 left on base; Jupiter 0 - Brevard County 3 |
BOTTOM OF THE 3RD |
Brevard County Manatees batting - Pitching for Jupiter Hammerheads : LHP Blake Vance
|
Batting: LHB Rodolfo Rosas
|
0-0: Ball 1-0: Swinging Strike 1-1: Swinging Strike 1-2: Foul Ball, location: 2F 1-2: Ball 2-2: SINGLE (Line Drive, 9S, EV 107.5 MPH)
|
Batting: RHB Toby Gerbino
|
0-0: Called Strike 0-1: Grounds into double play, 4-6-3 (Groundball, 4, EV 81.9 MPH)
|
Batting: LHB Anders McLean
|
0-0: Ball 1-0: Ball 2-0: Ball 3-0: Called Strike 3-1: Foul Ball, location: 25F 3-2: Ground out 4-3 (Groundball, 4M, EV 96.3 MPH)
|
Bottom of the 3rd over - 0 runs, 1 hit, 0 errors, 0 left on base; Jupiter 0 - Brevard County 3 |
TOP OF THE 4TH |
Jupiter Hammerheads batting - Pitching for Brevard County Manatees : LHP Meiver Koeppel
|
Batting: RHB Jose Pacheco
|
0-0: Called Strike 0-1: Swinging Strike 0-2: Reached on error, E5 (Groundball, 56S, EV 87.5 MPH)
|
Batting: RHB Justin Cox
|
0-0: Ball 1-0: Ground out 6-3 (Groundball, 6M, EV 103.8 MPH) Jose Pacheco to second
|
Batting: RHB Young-jin Kang
|
0-0: Ball 1-0: SINGLE (Line Drive, 7LS, EV 88.1 MPH) Jose Pacheco to third
|
Batting: RHB Travis Brandolino
|
0-0: Ball 1-0: Ball 2-0: SINGLE (Flyball, 78S, EV 88.1 MPH) Jose Pacheco scores Young-jin Kang to second
|
Batting: SHB Luke Baker
|
0-0: DOUBLE (Line Drive, 9LM, EV 108.1 MPH) Young-jin Kang scores Travis Brandolino to third Runner from 3rd tries for Home, SAFE, throw by RF to trailing runner, SAFE at third!
|
Batting: RHB Carlos Mejia
|
0-0: Ball 1-0: Foul Ball, location: 9LMF 1-1: Ground out 6-3 (Groundball, 6, EV 90.6 MPH)
|
Batting: LHB Nate Lacy
|
0-0: Ball 1-0: Called Strike 1-1: Called Strike 1-2: Ball 2-2: Fly out, F8 (Line Drive, 8RM, EV 93.8 MPH)
|
Top of the 4th over - 3 runs, 3 hits, 1 error, 1 left on base; Jupiter 3 - Brevard County 3 |
BOTTOM OF THE 4TH |
Brevard County Manatees batting - Pitching for Jupiter Hammerheads : LHP Blake Vance
|
Batting: RHB Zach Ryan
|
0-0: Swinging Strike 0-1: Swinging Strike 0-2: Fly out, F3 (Line Drive, 3L, EV 91.3 MPH)
|
Batting: SHB Jesse Denger
|
0-0: Ground out U3 (Groundball, 3, EV 87.5 MPH)
|
Batting: RHB Jesse Shaw
|
0-0: Ground out 5-3 (Groundball, 5, EV 102.5 MPH)
|
Bottom of the 4th over - 0 runs, 0 hits, 0 errors, 0 left on base; Jupiter 3 - Brevard County 3 |
TOP OF THE 5TH |
Jupiter Hammerheads batting - Pitching for Brevard County Manatees : LHP Meiver Koeppel
|
Batting: RHB Terry Stone
|
0-0: Ball 1-0: Foul Ball, location: 5F 1-1: Ball 2-1: Fly out, F9 (Flyball, 9, EV 96.3 MPH)
|
Batting: RHB Chris Back
|
0-0: Called Strike 0-1: Foul Ball, location: 3SF 0-2: Ground out 6-3 (Groundball, 4MD, EV 100.0 MPH)
|
Batting: RHB Jose Pacheco
|
0-0: Called Strike 0-1: Called Strike 0-2: SINGLE (Flyball, 6MD, EV 93.8 MPH)
|
Batting: RHB Justin Cox
|
0-0: Called Strike 0-1: Ball 1-1: Swinging Strike 1-2: Ball 2-2: Foul Ball, location: 25F 2-2: Fielders Choice at 2nd, 6-4 (Groundball, 6, EV 105.6 MPH)
|
Top of the 5th over - 0 runs, 1 hit, 0 errors, 1 left on base; Jupiter 3 - Brevard County 3 |
BOTTOM OF THE 5TH |
Brevard County Manatees batting - Pitching for Jupiter Hammerheads : LHP Blake Vance
|
Batting: RHB Scott Rohrabaugh
|
0-0: Foul Ball, location: 2F 0-1: Called Strike 0-2: Ball 1-2: Ball 2-2: Ball 3-2: Foul Ball, location: 2F 3-2: Fly out, F5 (Line Drive, 5D, EV 68.8 MPH)
|
Batting: RHB Nick Sheets
|
0-0: Ball 1-0: Foul Ball, location: 2F 1-1: Foul Ball, location: 9LSF 1-2: Strikes out swinging
|
Batting: LHB Ben Landrum
|
0-0: Foul Ball, location: 7LMF 0-1: Called Strike 0-2: Ground out 4-3 (Groundball, 34D, EV 103.8 MPH)
|
Bottom of the 5th over - 0 runs, 0 hits, 0 errors, 0 left on base; Jupiter 3 - Brevard County 3 |
TOP OF THE 6TH |
Jupiter Hammerheads batting - Pitching for Brevard County Manatees : LHP Meiver Koeppel
|
Batting: RHB Young-jin Kang
|
0-0: Swinging Strike 0-1: Ball 1-1: Ball 2-1: Ball 3-1: Base on Balls
|
Batting: RHB Travis Brandolino
|
0-0: Ball 1-0: Ball 2-0: Called Strike 2-1: SINGLE (Line Drive, 8LS, EV 100.0 MPH) Young-jin Kang to second
|
Batting: SHB Luke Baker
|
0-0: Called Strike 0-1: Called Strike 0-2: Foul Ball, location: 5F 0-2: Strikes out looking
|
Batting: RHB Carlos Mejia
|
0-0: Ball 1-0: Swinging Strike 1-1: Called Strike 1-2: Grounds into double play, 4-6-3 (Groundball, 4, EV 81.9 MPH)
|
Top of the 6th over - 0 runs, 1 hit, 0 errors, 1 left on base; Jupiter 3 - Brevard County 3 |
BOTTOM OF THE 6TH |
Brevard County Manatees batting - Pitching for Jupiter Hammerheads : LHP Blake Vance
|
Batting: LHB Rodolfo Rosas
|
0-0: Foul Ball, location: 9LDF 0-1: DOUBLE (Line Drive, 78D, EV 96.9 MPH)
|
Batting: RHB Toby Gerbino
|
0-0: Ball 1-0: Called Strike 1-1: Ground out U3 (Groundball, 3, EV 100.0 MPH) Rodolfo Rosas to third
|
Batting: LHB Anders McLean
|
0-0: Called Strike 0-1: Swinging Strike 0-2: Ball 1-2: Foul Ball, location: 5F 1-2: Strikes out looking
|
Batting: RHB Zach Ryan
|
0-0: Ball 1-0: Called Strike 1-1: Ball 2-1: Called Strike 2-2: Foul Ball, location: 25FF 2-2: Ball 3-2: SINGLE (Groundball, 4D, EV 96.9 MPH) Rodolfo Rosas scores
|
Batting: SHB Jesse Denger
|
0-0: Ground out 5-3 (Groundball, 56S, EV 68.8 MPH)
|
Bottom of the 6th over - 1 run, 2 hits, 0 errors, 1 left on base; Jupiter 3 - Brevard County 4 |
TOP OF THE 7TH |
Jupiter Hammerheads batting - Pitching for Brevard County Manatees : LHP Meiver Koeppel
|
Batting: LHB Nate Lacy
|
0-0: Called Strike 0-1: Ball 1-1: Called Strike 1-2: Ball 2-2: Strikes out swinging
|
Batting: RHB Terry Stone
|
0-0: Ball 1-0: Swinging Strike 1-1: Ground out 4-3 (Groundball, 4, EV 91.9 MPH)
|
Batting: RHB Chris Back
|
0-0: Swinging Strike 0-1: Swinging Strike 0-2: Foul Ball, location: 9LMF 0-2: Ball 1-2: Ball 2-2: Foul Ball, location: 5F 2-2: Ground out 5-3 (Groundball, 5, EV 81.3 MPH)
|
Top of the 7th over - 0 runs, 0 hits, 0 errors, 0 left on base; Jupiter 3 - Brevard County 4 |
BOTTOM OF THE 7TH |
Brevard County Manatees batting - Pitching for Jupiter Hammerheads : LHP Blake Vance
|
Batting: RHB Jesse Shaw
|
0-0: Called Strike 0-1: Ball 1-1: Swinging Strike 1-2: Ball 2-2: Foul Ball, location: 25FF 2-2: Foul Ball, location: 2LF 2-2: Strikes out swinging
|
Batting: RHB Scott Rohrabaugh
|
0-0: Foul Ball, location: 3FF 0-1: Swinging Strike 0-2: Ball 1-2: Foul Ball, location: 9LMF 1-2: Foul Ball, location: 3SF 1-2: Ball 2-2: Ground out 4-3 (Groundball, 34, EV 79.4 MPH)
|
Batting: RHB Nick Sheets
|
0-0: Foul Ball, location: 2F 0-1: Fly out, F8 (Flyball, 78M, EV 82.5 MPH)
|
Bottom of the 7th over - 0 runs, 0 hits, 0 errors, 0 left on base; Jupiter 3 - Brevard County 4 |
TOP OF THE 8TH |
Jupiter Hammerheads batting - Pitching for Brevard County Manatees : LHP Meiver Koeppel
|
Pitching: RHP Jonathan Chambers
|
|
Now in LF: Rodolfo Rosas
|
|
Now in CF: Jason Green
|
|
Now in RF: Anders McLean
|
|
Batting: RHB Jose Pacheco
|
0-0: Ball 1-0: Foul Ball, location: 9LSF 1-1: Foul Ball, location: 3DF 1-2: Fly out, F4 (Popup, 34, EV 60.0 MPH)
|
Batting: RHB Justin Cox
|
0-0: Called Strike 0-1: Ball 1-1: Ball 2-1: Ground out 4-3 (Groundball, 4, EV 86.3 MPH)
|
Batting: RHB Young-jin Kang
|
0-0: Called Strike 0-1: Ball 1-1: Ball 2-1: Foul Ball, location: 5F 2-2: Fly out, F9 (Flyball, 89S, EV 94.4 MPH)
|
Top of the 8th over - 0 runs, 0 hits, 0 errors, 0 left on base; Jupiter 3 - Brevard County 4 |
BOTTOM OF THE 8TH |
Brevard County Manatees batting - Pitching for Jupiter Hammerheads : LHP Blake Vance
|
Pitching: RHP Eddie Green
|
|
Batting: LHB Ben Landrum
|
0-0: SINGLE (Line Drive, 4M, EV 98.8 MPH)
|
Batting: LHB Rodolfo Rosas
|
0-0: Grounds into double play, 6-4-3 (Groundball, 6, EV 88.8 MPH)
|
Batting: RHB Toby Gerbino
|
0-0: SINGLE (Line Drive, 9S, EV 93.1 MPH)
|
Batting: LHB Anders McLean
|
0-0: Ball 1-0: Swinging Strike 1-1: Foul Ball, location: 2F 1-2: Foul Ball, location: 25F 1-2: Strikes out swinging
|
Bottom of the 8th over - 0 runs, 2 hits, 0 errors, 1 left on base; Jupiter 3 - Brevard County 4 |
TOP OF THE 9TH |
Jupiter Hammerheads batting - Pitching for Brevard County Manatees : RHP Jonathan Chambers
|
Batting: RHB Travis Brandolino
|
0-0: Ball 1-0: Ground out 6-3 (Groundball, 6, EV 99.4 MPH)
|
Batting: SHB Luke Baker
|
0-0: Ball 1-0: Ball 2-0: Foul Ball, location: 7LSF 2-1: Foul Ball, location: 5F 2-2: Ground out 5-3 (Groundball, 5, EV 79.4 MPH)
|
Pinch Hitting: SHB Jose Duran
|
0-0: Foul Ball, location: 7LMF 0-1: Ball 1-1: Foul Ball, location: 2F 1-2: Foul Ball, location: 3SF 1-2: Ball 2-2: Ball 3-2: Ground out 4-3 (Groundball, 4, EV 88.8 MPH)
|
Top of the 9th over - 0 runs, 0 hits, 0 errors, 0 left on base; Jupiter 3 - Brevard County 4 |
|